 Dungeon Crawl Stone Soup version 0.25-a0-670-g50981ef59b (webtiles) character file.

Game seed: 12462575087897897977, levelgen mode: deterministic

6521 Flugslaktarn the Cleaver (level 10, 0/94 HPs)
             Began as a Deep Dwarf Fighter on Mar 29, 2020.
             Was a Believer of Makhleb.
             Slain by a troll (3 damage)
             ... on level 10 of the Dungeon.
             The game lasted 00:04:59 (4802 turns).

Flugslaktarn the Cleaver (Deep Dwarf Fighter)       Turns: 4802, Time: 00:04:59

Health: 0/94       AC: 23    Str: 23    XL:     10   Next: 69%
Magic:  0/0        EV:  5    Int:  9    God:    Makhleb [**....]
Gold:   487        SH: 11    Dex: 12    Spells: 9/9 levels left

rFire    . . .     SeeInvis .   a - +0 war axe
rCold    . . .     Gourm    .   c - +0 kite shield
rNeg     . . .     Faith    .   s - +0 plate armour
rPois    .         Spirit   .   o - +2 helmet
rElec    .         Reflect  .   h - +2 cloak {MR+}
rCorr    .         Harm     .   i - +2 pair of gloves
MR       ++...                  (no boots)
Stlth    ..........             (no amulet)
HPRegen  0.00/turn              (no ring)
MPRegen  0.07/turn              (no ring)

@: non-regenerating
A: damage resistance, heal wounds, sense surroundings 2, no regeneration
a: Heal Wounds, Minor Destruction, Renounce Religion


You were on level 10 of the Dungeon.
You worshipped Makhleb.
Makhleb was pleased with you.
You were not hungry.

You visited 2 branches of the dungeon, and saw 11 of its levels.

You collected 487 gold pieces.

Inventory:

Hand Weapons
 a - a +0 war axe (weapon)
Armour
 b - a +0 scale mail
 c - a +0 kite shield (worn)
 h - a +2 cloak of magic resistance (worn)
   (You took it off Crazy Yiuf on level 5 of the Dungeon)
 i - a +2 pair of gloves (worn)
   (You found it on level 10 of the Dungeon)
 o - a +2 helmet (worn)
   (You found it on level 7 of the Dungeon)
 s - a +0 plate armour (worn)
   (You found it on level 3 of the Dungeon)
Wands
 v - a wand of digging (4)
   (You found it on level 9 of the Dungeon)
Scrolls
 l - a scroll of enchant weapon
 r - a scroll of identify
 t - a scroll of magic mapping {unknown}
 x - a scroll of remove curse
Potions
 d - 2 potions of might
 f - 3 potions of brilliance
 g - 3 potions of ambrosia
 j - a potion of cancellation
 m - 3 potions of flight
 n - a potion of resistance
 p - a potion of lignification
 q - a potion of curing
 u - a potion of magic {unknown}
Comestibles
 e - 24 rations
 k - 13 chunks of flesh


   Skills:
 * Level 7.6 Fighting
 * Level 11.0 Axes
 + Level 8.4 Armour
 + Level 8.4 Shields
 + Level 3.8 Invocations


You had 9 spell levels left.
You didn't know any spells.
Your spell library was empty.

Dungeon Overview and Level Annotations

Branches:
Dungeon (10/15)            Temple (1/1) D:6             Orc (0/2) D:10
   Lair: D:8-11

Altars:
Ashenzari
Cheibriados
Dithmenos
Elyvilon
Fedhas
Gozag
Hepliaklqana
Kikubaaqudgha
Makhleb
Nemelex Xobeh
Okawaru
Qazlal
Trog
Uskayaw
Vehumet
Wu Jian
Xom
Yredelemnul
Zin
The Shining One

Shops:
D:10 (

Annotations:
D:10 Sonja


Innate Abilities, Weirdness & Mutations

You are resistant to damage.
You can heal yourself by infusing magical energy.
You passively map the area around you.
You do not regenerate.


Message History

The troll claws you but does no damage. You block the troll's attack.
You closely miss the troll.
The troll is heavily wounded.
The troll bites you.
* * * LOW HITPOINT WARNING * * *
The troll claws you!
* * * LOW HITPOINT WARNING * * *
You block the troll's attack.
You hit the troll.
The troll is severely wounded.
You block the troll's attack. x2; The troll claws you but does no damage.
You slash the troll!
The troll is almost dead.
You block the troll's attack. x2; The troll claws you.
* * * LOW HITPOINT WARNING * * *
Unknown command.
Your shield and plate armour prevent you from hitting the troll.
The troll is almost dead.
The troll bites you!
You die...

, ,, ≈ ########### , ,* ≈
#.......... *, * , , ,
#.......... , ....# , *
#.......... * . * ... ≈
#..........* (. #.# ,
#)......... * ..####.## ,
###..........* *
........#+++#....T.......
#[##.##.........@########
.................# *
.................# ,
.......).........# *
.>.∩..)..........#
:.......)........#
......)..........#
.................# *
######...........# , *


You could see a troll.

Vanquished Creatures
  2 two-headed ogres
  Joseph (D:8)
  3 hippogriffs (D:8)
  Eustachio (D:4)
  A hungry ghost (D:9)
  A wyvern (D:10)
  Menkaure (D:5)
  A soldier ant (D:5)
  5 orc warriors
  2 ice beasts
  A sky beast (D:5)
  A necrophage (D:8)
  3 centaurs
  A black bear (D:8)
  3 ogres
  5 bullfrogs
  A wyvern skeleton (D:9)
  4 scorpions
  4 killer bees (D:8)
  5 wights (D:8)
  2 howler monkeys (D:5)
  3 crimson imps
  6 jellies
  2 hounds
  8 orc wizards
  A centaur zombie (D:9)
  6 orc priests
  Crazy Yiuf (D:5)
  3 bullfrog skeletons
  5 iguanas
  Ijyb (D:5)
  Natasha (D:3)
  4 worker ants
  2 worker ant zombies
  5 adders
  3 shadow imps
  5 oozes (D:8)
  A worm (D:2)
  4 dart slugs
  11 leopard geckos
  33 orcs
  3 giant cockroaches (D:4)
  2 goblins
  5 hobgoblins
  11 jackals
  A kobold (D:2)
  3 quokkas
  2 ball pythons
  2 bats (D:1)
  2 frilled lizards
  A jackal skeleton (D:5)
  A jackal zombie (D:7)
  A leopard gecko skeleton (D:4)
  A quokka skeleton (D:6)
  7 rats
195 creatures vanquished.

Notes
Turn   | Place    | Note
-------+----------+-------------------------------------------
     0 | D:1      | Flugslaktarn the Deep Dwarf Fighter began the quest for the
                  | Orb.
     0 | D:1      | Reached XP level 1. HP: 20/20 MP: 1/1
   127 | D:1      | Reached XP level 2. HP: 20/27 MP: 2/2
   515 | D:2      | Reached skill level 3 in Axes
   529 | D:3      | Reached XP level 3. HP: 32/33 MP: 2/2
   584 | D:3      | Noticed Natasha
   593 | D:3      | Killed Natasha
   714 | D:4      | Reached XP level 4. HP: 30/42 MP: 3/3
   818 | D:4      | Noticed Eustachio
   829 | D:4      | Killed Eustachio
   829 | D:4      | Reached skill level 4 in Axes
   829 | D:4      | Reached XP level 5. HP: 32/49 MP: 4/4
   835 | D:4      | Reached XP level 6. HP: 34/56 MP: 5/5
   942 | D:4      | Reached skill level 5 in Axes
  1011 | D:4      | Found a glowing drain.
  1417 | D:5      | Entered Level 5 of the Dungeon
  1421 | D:5      | Reached XP level 7. HP: 55/64 MP: 5/5
  1454 | D:5      | Noticed Menkaure
  1464 | D:5      | Killed Menkaure
  1464 | D:5      | Reached skill level 5 in Armour
  1464 | D:5      | Reached skill level 5 in Shields
  1542 | D:5      | Reached skill level 6 in Axes
  1571 | D:5      | Found a hide-covered altar of Uskayaw.
  1614 | D:5      | Found a runed translucent door.
  1615 | D:5      | Noticed Crazy Yiuf
  1679 | D:5      | Found an ornate altar of the Wu Jian Council.
  1711 | D:5      | Noticed Ijyb
  1720 | D:5      | Killed Ijyb
  1822 | D:5      | Found a glowing silver altar of Zin.
  1837 | D:5      | Reached XP level 8. HP: 58/73 MP: 5/5
  1950 | D:5      | Reached skill level 7 in Axes
  1987 | D:5      | Found a blossoming altar of Fedhas.
  2071 | D:5      | Killed Crazy Yiuf
  2241 | D:6      | Reached skill level 5 in Fighting
  2378 | D:6      | Noticed a white ugly thing
  2431 | D:6      | Found a staircase to the Ecumenical Temple.
  2487 | Temple   | Entered the Ecumenical Temple
  2575 | Temple   | Became a worshipper of Makhleb the Destroyer
  2852 | D:7      | Reached skill level 8 in Axes
  3283 | D:8      | Noticed a two-headed ogre
  3292 | D:8      | HP: 3/74 [wight/+0 scimitar (2)]
  3315 | D:8      | Noticed a hippogriff
  3335 | D:8      | Gained mutation: You passively map the area around you.
                  | [Deep Dwarf growth]
  3335 | D:8      | Reached XP level 9. HP: 48/81 MP: 3/3
  3358 | D:8      | Killed a two-headed ogre
  3358 | D:8      | Reached skill level 9 in Axes
  3408 | D:8      | Reached * piety under Makhleb
  3466 | D:8      | Reached skill level 10 in Axes
  3597 | D:8      | Reached skill level 1 in Invocations
  3597 | D:8      | Reached XP level 10. HP: 63/92 MP: 1/1
  3613 | D:8      | Noticed Joseph
  3630 | D:8      | Killed Joseph
  3911 | D:9      | Noticed a two-headed ogre
  3926 | D:9      | Killed a two-headed ogre
  4091 | D:9      | Reached ** piety under Makhleb
  4132 | D:9      | Found an opulent altar of Gozag.
  4599 | D:10     | Entered Level 10 of the Dungeon
  4601 | D:10     | Noticed Sonja
  4648 | D:10     | Found Saibyt's Weapon Shop.
  4648 | D:10     | Found a staircase to the Orcish Mines.
  4678 | D:10     | Reached skill level 11 in Axes
  4801 | D:10     | HP: 3/94 [troll (2)]
  4802 | D:10     | Slain by a troll

Levels and vault maps discovered:
D:1:      dpeg_arrival_oval, layout_loops_ring, minmay_cupped
D:2:      minmay_alternating_diamond, layout_basic, hangedman_decor_opposing
D:3:      layout_loops_ring, gammafunk_temple_overflow_wave, uniq_natasha
D:4:      minmay_clustersquares, layout_basic, first_ration,
          gup_sewer_entry_pipe, uniq_eustachio
D:5:      layout_rooms, kennysheep_mini_moat, hangedman_feature_mirror,
          fedhas_altar_4, uniq_crazy_yiuf_cottage, uniq_ijyb, uniq_menkaure
D:6:      layout_loops_cross, nicolae_overflow_hidden_temple,
          minmay_temple_entry_hall, minmay_manual_monstrance
D:7:      layout_loops_ring, kennysheep_diamond
D:8:      layout_rooms, hangedman_little_slice_of_home, uniq_joseph
D:9:      layout_irregular_city, old_standard_altar
D:10:     layout_basic, lair_entry_dummy, orc_david_3, gammafunk_ghost_cemetery,
          kennysheep_cross_bottleneck, st_stairs_8, uniq_sonja
Temple:   lightli_temple_of_artemis

Skill      XL: |  1  2  3  4  5  6  7  8  9 10 |
---------------+-------------------------------+-----
Axes           | 3 4 5 6 8 10 11 | 11.0
Fighting       | 3 4 5 6 7 |  7.6
Shields        | 4 5 6 7 8 |  8.4
Armour         | 4 5 6 7 8 |  8.4
Invocations    | 1 3 |  3.8

Action                   |  1- 3 |  4- 6 |  7- 9 | 10-12 || total
-------------------------+-------+-------+-------+-------++-------
Melee: War axe           |   104 |   113 |   418 |   186 ||   821
Invok: Minor Destruction |       |       |       |     2 ||     2
 Abil: Heal Wounds       |     1 |     2 |    21 |     6 ||    30
Evoke: Wand              |       |       |       |     2 ||     2
  Use: Scroll            |       |       |    12 |     6 ||    18
       Potion            |       |       |     1 |     5 ||     6
 Stab: Invisible         |       |       |     6 |     6 ||    12
  Eat: Chunk             |       |     2 |     8 |     6 ||    16
Armor: Scale mail        |    37 |       |       |       ||    37
       Plate armour      |     7 |    65 |   288 |   103 ||   463
Dodge: Dodged            |    42 |    23 |    95 |    33 ||   193
Block: Kite shield       |    59 |    64 |   260 |   137 ||   520

Table legend:
 A = Non-vault XP
 B = Vault XP
 C = Vault XP percentage of total XP
 D = Non-vault monster count
 E = Vault monster count
 F = Vault count percentage of total count
                 A         B        C        D         E       F
            +---------+---------+-------+---------+---------+-------
      Total |    7423 |    1894 |  20.3 |     156 |      39 |  20.0
            +---------+---------+-------+---------+---------+-------
        D:1 |      20 |       0 |   0.0 |      13 |       0 |   0.0
        D:2 |      19 |       0 |   0.0 |       7 |       0 |   0.0
        D:3 |      21 |      35 |  62.5 |       5 |       1 |  16.7
        D:4 |     252 |     383 |  60.3 |      15 |      16 |  51.6
        D:5 |     531 |     460 |  46.4 |      21 |       5 |  19.2
        D:6 |     337 |      42 |  11.1 |      15 |       1 |   6.2
        D:7 |     417 |       2 |   0.5 |      11 |       1 |   8.3
        D:8 |    3287 |     559 |  14.5 |      34 |       9 |  20.9
        D:9 |    1795 |       0 |   0.0 |      19 |       0 |   0.0
       D:10 |     744 |     413 |  35.7 |      16 |       6 |  27.3
            +---------+---------+-------+---------+---------+-------
